 Dungeon Crawl Stone Soup version 0.27-a0-277-g024f7ef292 (webtiles) character file.

Game seed: 3690131925025589180

60110 kutty the Fighter (level 14, -8/130 (133) HPs)
             Began as a Demigod Conjurer on Feb 5, 2021.
             Mangled by a +5 vorpal trident (12 damage)
             ... on level 2 of the Elven Halls.
             The game lasted 02:03:14 (32903 turns).

kutty the Fighter (Demigod Conjurer)               Turns: 32903, Time: 02:03:15

HP:   -8/130 (133)  AC: 10    Str: 10    XL:     14   Next: 20%
MP:   18/31         EV: 20    Int: 40    God:
Gold: 265           SH:  0    Dex: 14    Spells: 9/30 levels left

rFire    . . .     SeeInvis +   w - +1 dagger (venom)
rCold    . . .     Faith    .   (no shield)
rNeg     . . .     Spirit   .   u - +1 steam dragon scales
rPois    .         Reflect  .   y - +2 helmet {SInv}
rElec    .         Harm     .   p - +0 cloak
rCorr    .         Rampage  .   (no gloves)
Will     +....                  (no boots)
Stlth    ++........             (no amulet)
HPRegen  0.31/turn              x - +6 ring of intelligence
MPRegen  0.22/turn              j - ring of wizardry

@: hasted, studying Dodging, lightly drained, very quick
A: claws 1, clever 2, high mp 1, subdued magic 1
a: no special abilities


You were on level 2 of the Elven Halls.
You visited 4 branches of the dungeon, and saw 18 of its levels.
You also visited: Bailey.

You collected 2492 gold pieces.
You spent 2227 gold pieces at shops.

Inventory:

Hand Weapons
 w - a +1 dagger of venom (weapon)
Armour
 p - a +0 cloak (worn)
 u - +1 steam dragon scales (worn)
 y - a +2 helmet of see invisible (worn)
Jewellery
 d - an uncursed ring of poison resistance
 j - a ring of wizardry (right claw)
 x - a +6 ring of intelligence (left claw)
Wands
 a - a wand of acid (10)
 b - a wand of flame (25)
 o - a wand of digging (8)
 r - a wand of charming (13)
 B - a wand of iceblast (10)
 C - a wand of paralysis (21)
 E - a wand of polymorph (7)
Scrolls
 f - 8 scrolls of remove curse {@r2}
 g - 2 scrolls of amnesia
 h - a scroll of fear
 k - 5 scrolls of enchant weapon
 q - 8 scrolls of identify {@r1}
 s - a scroll of enchant armour
 v - 2 scrolls of fog
 D - 2 scrolls of magic mapping
Potions
 c - 2 potions of might
 e - 2 potions of mutation
 i - 6 potions of lignification
 l - 3 potions of curing {@q1}
 t - a potion of cancellation
 F - a potion of brilliance


   Skills:
 + Level 14.7 Fighting
 + Level 13.7 Dodging
 - Level 3.3 Stealth
 * Level 8.9 Spellcasting
 - Level 10.8 Conjurations
 - Level 6.5 Earth Magic


You had 9 spell levels left.
You knew the following spells:

 Your Spells              Type           Power        Failure   Level
a - Magic Dart            Conj           100%         0%          1
b - Searing Ray           Conj           100%         0%          2
c - Fulminant Prism       Conj/Hex       23%          1%          4
d - Stone Arrow           Conj/Erth      100%         1%          3
e - Lee's Rapid Deconstr  Erth           26%          1%          5
f - Petrify               Tmut/Erth      33%          1%          4
g - Passwall              Tmut/Erth      27%          1%          2

Your spell library contained the following spells:

 Spells                   Type           Power        Failure   Level
 Animate Skeleton         Necr           26%          1%          1
 Apportation              Tloc           26%          1%          1
 Corona                   Hex            14%          1%          1
 Sandblast                Erth           100%         1%          1
 Summon Small Mammal      Summ           52%          1%          1
 Call Imp                 Summ           13%          1%          2
 Slow                     Hex            13%          1%          2
 Call Canine Familiar     Summ           13%          1%          3
 Dazzling Flash           Conj/Hex       94%          1%          3
 Inner Flame              Hex/Fire       13%          1%          3
 Portal Projectile        Hex/Tloc       26%          1%          3
 Iskenderun's Mystic Bla  Conj/Tloc      47%          1%          4
 Leda's Liquefaction      Hex/Erth       16%          1%          4
 Cause Fear               Hex            6%           7%          4
 Summon Lightning Spire   Summ/Air       13%          7%          4
 Malign Gateway           Summ/Tloc      6%           99%         7


Dungeon Overview and Level Annotations

Branches:
Dungeon (13/15)            Temple (1/1) D:4            Lair (0/6) D:10
    Orc (2/2) D:11            Elf (2/3) Orc:2        Vaults (0/5) D:13
 Bailey (visited)

Shops:
D:9 *   D:13 *   Orc:1 :   Orc:2 *[==

Portals:
Trove: D:10 (give 8 scrolls of fog)

Annotations:
D:7 2 transporters, MrTvister's ghost, novice HOFi
D:10 1 runed translucent door, exclusion: 4 orange crystal statues
D:12 Nessos; Rupert


Innate Abilities, Weirdness & Mutations

You have an increased reservoir of magic. (+10% MP)
You have sharp fingernails.
Your mind is very acute. (Int +4)
Your spells are a little easier to cast, but a little less powerful.


Message History

The +4 eveningstar of distortion hits you!
* * * LOW HITPOINT WARNING * * *
Okay, then.
A +5 short sword of holy wrath comes into view.
The deep elf pyromancer gestures wildly while chanting.
The deep elf knight gestures wildly while chanting.
The deep elf knight seems to speed up.
Okay, then.
A +2 flail of venom comes into view.
The +5 vorpal trident hits you but does no damage.
A deep elf zephyrmancer comes into view.
It is wielding a +1 long sword of holy wrath.
A deep elf knight comes into view. It is wielding a +0 short sword.
The deep elf zephyrmancer shouts!
The deep elf knight shouts!
A +3 vorpal scimitar comes into view.
The deep elf zephyrmancer points at you and mumbles some strange words.
The bolt of lightning misses you.
The deep elf knight shoots an arrow.
The arrow closely misses you.
The deep elf knight shoots an arrow.
The arrow barely misses you.
The +5 vorpal trident hits you from afar!
You die...

............§...○.°...○....#
.............##.○.○e.○.....#
............####E○..Ee.....#
.............##..E.........#
...........................#
.................(...#.....#
...............(....###....#
.....#.........(...# #(...#
...###......@....## #...# .#
##..........# ...#
#............# .(#
..............#
....(....e...e..
.##...##...##.... ##.# ##.##
#... ## ## ##


You could see 3 deep elf knights, a deep elf zephyrmancer, 3 fire elementals and
4 dancing weapons.

Vanquished Creatures
  2 deep elf elementalists
  A deep elf demonologist (Elf:1)
  A deep elf annihilator (Elf:1)
  An ettin (Orc:2)
  4 ogre magi (Orc:2)
  2 vault guards
  A centaur warrior (D:10)
  15 two-headed ogres
  A tengu warrior (D:11)
  4 dancing weapons
  2 deep elf knights
  Nergalle (D:12)
  2 unseen horrors (D:10)
  2 orc knights
  2 deep elf archers
  9 deep elf pyromancers
  10 deep elf zephyrmancers
  An ugly thing (D:12)
  2 cyclopes
  4 gargoyles
  Maggie (D:6)
  A yaktaur (D:10)
  A tengu conjurer (D:10)
  A kobold demonologist (D:11)
  2 freezing wraiths (D:12)
  The ghost of VeinyPole the Slicer, a novice KoBe of Trog (D:5)
  A hornet (D:12)
  3 trolls
  3 slime creatures (D:12)
  A blink frog (shapeshifter) (D:11)
  2 air elementals
  Sigmund (D:4)
  3 vampires
  6 wyverns
  4 water elementals
  A basilisk (D:10)
  29 yaks
  A vampire mosquito (D:11)
  2 fire elementals (Elf:2)
  A human (D:13)
  Grum (D:9)
  5 wargs (D:11)
  5 water moccasins
  3 ice beasts
  22 orc warriors
  3 sky beasts
  2 black bears
  34 ogres
  3 necrophages
  2 wolves (D:9)
  11 centaurs
  3 phantoms
  2 earth elementals (Elf:2)
  11 bullfrogs
  3 wyvern skeletons
  3 scorpions
  11 killer bees
  9 wights
  3 centaur zombies
  A crimson imp (D:6)
  2 bullfrog zombies
  2 quasits
  4 jellies
  8 orc priests
  A centaur skeleton (D:7)
  A hound (D:11)
  Crazy Yiuf (D:3)
  2 iguanas
  3 bullfrog skeletons
  A gnoll shaman (D:4)
  Terence (D:3)
  9 orc wizards
  3 worker ants
  A statue (D:4)
  A howler monkey zombie (D:10)
  2 worker ant zombies
  9 adders
  9 gnolls
  2 shadow imps (D:7)
  3 white imps
  An ufetubus (D:8)
  An ooze (D:2)
  2 adder zombies
  3 worms
  2 dart slugs
  A leopard gecko (D:4)
  53 orcs
  3 ball pythons
  5 giant cockroaches
  7 goblins
  4 hobgoblins
  17 jackals
  7 kobolds
  8 quokkas
  7 bats
  3 frilled lizards
  A jackal skeleton (D:7)
  A quokka skeleton (D:9)
  A quokka zombie (D:8)
  9 rats
470 creatures vanquished.

Vanquished Creatures (others)
  2 vault guards (D:13)
  A bullfrog zombie (D:10)
  A quokka (D:6)
  47 fulminant prisms
  12 plants (D:10)
63 creatures vanquished.

Grand Total: 533 creatures vanquished

Notes
Turn   | Place    | Note
-------+----------+-------------------------------------------
     0 | D:1      | kutty the Demigod Conjurer began the quest for the Orb.
     0 | D:1      | Reached XP level 1. HP: 14/14 MP: 5/5
   491 | D:1      | Reached XP level 2. HP: 20/20 MP: 4/7
   840 | D:1      | Learned a level 2 spell: Searing Ray
   934 | D:1      | Found a broken altar of Ashenzari.
  1269 | D:2      | Found a sparkling altar of Nemelex Xobeh.
  1324 | D:2      | Reached XP level 3. HP: 26/26 MP: 2/8
  1382 | D:2      | Found a shimmering altar of Xom.
  2245 | D:2      | Reached XP level 4. HP: 32/33 MP: 6/10
  3158 | D:3      | Found a runed translucent door.
  3159 | D:3      | Noticed Crazy Yiuf
  3261 | D:3      | Reached XP level 5. HP: 29/38 MP: 6/12
  3710 | D:3      | Found a hazy altar of Hepliaklqana.
  3734 | D:3      | Found a hazy altar of Hepliaklqana.
  3734 | D:3      | Noticed Terence
  3809 | D:3      | Killed Terence
  4134 | D:3      | Killed Crazy Yiuf
  4234 | D:4      | Found a basalt altar of Yredelemnul.
  4285 | D:4      | You fall into a shaft and drop 3 floors!
  4361 | D:7      | Noticed a black bear
  4372 | D:7      | Killed a black bear
  4373 | D:7      | Reached skill level 1 in Fighting
  4373 | D:7      | Reached XP level 6. HP: 37/47 MP: 3/13
  4478 | D:6      | Reached skill level 5 in Conjurations
  4546 | D:6      | Reached skill level 2 in Fighting
  4658 | D:6      | Found a shadowy altar of Dithmenos.
  4661 | D:5      | Entered Level 5 of the Dungeon
  4682 | D:5      | Found an iron altar of Okawaru.
  4916 | D:4      | Found a staircase to the Ecumenical Temple.
  4938 | D:4      | Found a blossoming altar of Fedhas.
  5191 | Temple   | Entered the Ecumenical Temple
  5297 | D:4      | Reached XP level 7. HP: 56/56 MP: 6/14
  5590 | D:4      | Found a radiant altar of Vehumet.
  5957 | D:4      | Noticed Sigmund
  5966 | D:4      | Killed Sigmund
  5967 | D:4      | Reached skill level 3 in Fighting
  6277 | D:5      | Found a large runed translucent door.
  6277 | D:5      | Found a large runed translucent door.
  6283 | D:5      | Noticed VeinyPole's ghost (novice KoBe)
  6579 | D:5      | Found a sacrificial altar of Ru.
  7277 | D:5      | Killed VeinyPole's ghost
  7278 | D:5      | Reached skill level 4 in Fighting
  7278 | D:5      | Reached skill level 5 in Dodging
  7278 | D:5      | Reached XP level 8. HP: 51/66 MP: 3/15
  7368 | D:5      | Learned a level 4 spell: Fulminant Prism
  7617 | D:6      | Found a burning altar of Makhleb.
  7719 | D:6      | Found a glowing golden altar of the Shining One.
  7791 | D:6      | Found a white marble altar of Elyvilon.
  7988 | D:6      | Found a stormy altar of Qazlal.
  7995 | D:6      | Found a shimmering blue altar of Sif Muna.
  8149 | D:6      | Noticed Maggie
  8159 | D:6      | Killed Maggie
  8160 | D:6      | Reached skill level 5 in Fighting
  8725 | D:7      | Found a transporter.
  8969 | D:7      | Found a sacrificial altar of Ru.
  9250 | D:7      | Found a hide-covered altar of Uskayaw.
  9298 | D:7      | Reached XP level 9. HP: 74/74 MP: 13/16
  9320 | D:7      | Noticed a moth of wrath
  9330 | D:7      | Found a transporter.
  9339 | D:7      | Noticed MrTvister's ghost (novice HOFi)
 10512 | D:8      | Reached skill level 6 in Fighting
 10604 | D:8      | Found a burning altar of Makhleb.
 10898 | D:8      | Found a glowing golden altar of the Shining One.
 11628 | D:9      | Noticed Grum
 11658 | D:9      | Killed Grum
 11851 | D:9      | Reached skill level 7 in Fighting
 11852 | D:9      | Reached XP level 10. HP: 66/86 MP: 10/19
 12610 | D:9      | Reached skill level 8 in Fighting
 12811 | D:9      | Found Fehe's General Store.
 12984 | D:9      | Gained mutation: Your mind is acute. (Int +2) [potion of
                  | mutation]
 12984 | D:9      | Gained mutation: Your mind is very acute. (Int +4) [potion
                  | of mutation]
 12984 | D:9      | Gained mutation: Your spells are a little easier to cast,
                  | but a little less powerful. [potion of mutation]
 12984 | D:9      | Gained mutation: You have sharp fingernails. [potion of
                  | mutation]
 13004 | D:10     | Entered Level 10 of the Dungeon
 13009 | D:10     | Found a broken altar of Ashenzari.
 13009 | D:10     | Found a shimmering blue altar of Sif Muna.
 13010 | D:10     | Found a shadowy altar of Dithmenos.
 13010 | D:10     | Found a sparkling altar of Nemelex Xobeh.
 13297 | D:10     | Found a runed translucent door.
 13307 | D:10     | Found the +10 tower shield of Ignorance {rN+ Int-4}
 13308 | D:10     | Noticed an orange crystal statue
 13308 | D:10     | Noticed an orange crystal statue
 13308 | D:10     | Noticed an orange crystal statue
 13308 | D:10     | Noticed an orange crystal statue
 13348 | D:10     | Found a flagged portal.
 14351 | D:10     | Noticed a two-headed ogre
 14392 | D:9      | Killed a two-headed ogre
 14393 | D:9      | Reached XP level 11. HP: 60/95 MP: 2/20
 14394 | D:9      | Reached skill level 10 in Conjurations
 14717 | D:10     | Found a runed translucent door.
 14742 | D:11     | Noticed a tengu warrior
 14751 | D:11     | Killed a tengu warrior
 14752 | D:11     | Reached skill level 9 in Fighting
 15052 | D:11     | Found a flagged portal.
 15053 | D:11     | Noticed a two-headed ogre
 15064 | D:11     | Killed a two-headed ogre
 15075 | Bailey   | Entered a bailey
 15921 | Bailey   | Found a roughly hewn altar of Beogh.
 15921 | Bailey   | Noticed an orc knight
 15924 | Bailey   | Killed an orc knight
 16174 | Bailey   | Reached skill level 10 in Dodging
 16329 | Bailey   | Got a pitted bardiche
 16329 | Bailey   | Identified the +5 bardiche of Tynieh {flame, rElec rF+
                  | Int-5} (You found it in a bailey)
 16758 | D:11     | Found a staircase to the Orcish Mines.
 16942 | D:11     | Reached skill level 10 in Fighting
 17517 | D:11     | You fall into a shaft and drop 2 floors!
 17517 | D:13     | Found a gate to the Vaults.
 17517 | D:13     | Noticed a vault guard
 17517 | D:13     | Noticed a vault guard
 17517 | D:13     | Noticed a vault guard
 17517 | D:13     | Noticed a vault guard
 17517 | D:13     | Noticed a vault guard
 17518 | D:13     | Noticed a vault guard
 17519 | D:13     | Noticed a vault guard
 17522 | D:13     | Noticed a centaur warrior
 17531 | D:13     | Found Arphun's General Store.
 17545 | D:13     | Killed a vault guard
 17666 | D:13     | Killed a vault guard
 17993 | D:12     | Paralysed by a hornet for 3 turns
 18003 | D:12     | Reached skill level 1 in Earth Magic
 18101 | D:12     | Noticed a death knight
 18103 | D:12     | Noticed a skeletal warrior
 18654 | D:11     | Learned a level 3 spell: Stone Arrow
 18660 | D:11     | Learned a level 5 spell: Lee's Rapid Deconstruction
 18701 | Orc:1    | Entered Level 1 of the Orcish Mines
 18701 | Orc:1    | Found Woycolagu's Book Shoppe.
 19361 | Orc:2    | Entered Level 2 of the Orcish Mines
 19449 | Orc:1    | Noticed an orc knight
 19888 | Orc:1    | Killed an orc knight
 20797 | Orc:2    | Noticed an ettin
 20837 | Orc:2    | Killed an ettin
 20838 | Orc:2    | Reached skill level 11 in Fighting
 20838 | Orc:2    | Reached XP level 12. HP: 110/110 MP: 4/21
 20854 | Orc:2    | Noticed an ogre mage
 20857 | Orc:2    | Paralysed by an ogre mage for 6 turns
 20967 | Orc:2    | Noticed an ogre mage
 21777 | Orc:2    | Killed an ogre mage
 21857 | Orc:2    | Killed an ogre mage
 22108 | Orc:2    | Reached skill level 12 in Fighting
 22322 | Orc:2    | Noticed an ogre mage
 22324 | Orc:2    | Paralysed by an ogre mage for 6 turns
 22582 | Orc:1    | Learned a level 4 spell: Petrify
 22607 | Orc:1    | Reached skill level 5 in Earth Magic
 22729 | Orc:2    | Killed an ogre mage
 23444 | D:12     | Killed a vault guard
 23622 | D:12     | Noticed Nergalle
 23626 | D:12     | Killed Nergalle
 24448 | D:12     | Noticed Rupert
 24529 | D:12     | Noticed Nessos
 24782 | D:10     | Reached skill level 13 in Fighting
 25026 | D:11     | Reached XP level 13. HP: 64/122 MP: 16/24
 25369 | D:10     | Found a staircase to the Lair.
 25921 | D:10     | Reached skill level 5 in Spellcasting
 27437 | D:10     | Found a portal to a secret trove of treasure.
 27500 | D:10     | Learned a level 2 spell: Passwall
 27548 | Orc:1    | Bought a manual of Dodging for 1987 gold pieces
 28197 | Orc:2    | Found Anoutim's Jewellery Boutique.
 28197 | Orc:2    | Found Maod's Assorted Antiques.
 28197 | Orc:2    | Found Tillu's Jewellery Emporium.
 28197 | Orc:2    | Found Irituafa's Antique Armour Boutique.
 28226 | Orc:2    | Bought a scroll labelled MOUZAF MEOCH for 32 gold pieces
 28226 | Orc:2    | Bought a bubbling brown potion for 28 gold pieces
 28232 | Orc:2    | Identified a scroll of acquirement
 28232 | Orc:2    | Acquired a +6 ring of intelligence
 28336 | Orc:2    | Found a staircase to the Elven Halls.
 28542 | Orc:2    | Bought a runed helmet for 180 gold pieces
 28608 | Elf:1    | Entered Level 1 of the Elven Halls
 28613 | Elf:1    | Noticed a deep elf demonologist
 28798 | Elf:1    | Noticed a Hell Sentinel
 28842 | Elf:1    | Killed a deep elf demonologist
 28843 | Elf:1    | Reached skill level 14 in Fighting
 29982 | Elf:1    | Identified the Compendium of the Escort
 30008 | Elf:1    | Noticed a deep elf annihilator
 30077 | Elf:1    | Killed a deep elf annihilator
 30795 | Elf:1    | Noticed a deep elf elementalist
 31065 | Elf:2    | Reached XP level 14. HP: 133/133 MP: 23/30
 31662 | Elf:1    | Killed a deep elf elementalist
 32843 | Elf:2    | Noticed a deep elf elementalist
 32847 | Elf:2    | Killed a deep elf elementalist
 32871 | Elf:2    | Noticed a deep elf blademaster
 32893 | Elf:2    | HP: 2/130 [+4 eveningstar of distortion (9)]
 32903 | Elf:2    | Mangled by a +5 vorpal trident

Illustrated notes

Levels and vault maps discovered:
D:1:      dpeg_arrival_water_fire, layout_loops_ring, ashenzari_altar_1
D:2:      layout_loops_corners, xom_teletrap_fun,
          nemelex_xobeh_ov_fountains_minmay
D:3:      layout_rooms, nzn_hepliaklqana_mist_gate, roderic_lattice_a,
          kennysheep_flooded_box, uniq_crazy_yiuf_cottage, uniq_terence
D:4:      layout_layer_cave, fedhas_altar_3, vehumet_statue,
          overflow_temple_1_default, minmay_temple_entry_waves, uniq_sigmund
D:5:      layout_layer_cave, okawaru_gym_becter, ebering_ghost_disaster_area,
          nicolae_ru_great_annihilating_truth
D:6:      layout_basic, makhleb_grotto_becter, minitemple, lemuel_crystal_altar,
          nicolae_dithmenos_through_a_glass_darkly, elyvilon_altar_4,
          uniq_maggie
D:7:      layout_basic, old_standard_altar, lemuel_round_altar,
          gammafunk_ghost_berserking_beasts
D:8:      layout_basic, nzn_life_drinkers
D:9:      layout_small_grid, serial_shops, shop, uniq_grum
D:10:     minmay_the_grid_octo_tiled_octocenter [minmay_the_grid_octo_shrine,
          minmay_the_grid_octo_focus, minmay_the_grid_octo_vomiting_pacman,
          minmay_the_grid_octo_fat_diamond, minmay_the_grid_octo_prize_big_c,
          minmay_the_grid_square_5x5_n, minmay_the_grid_square_5x5_bite,
          minmay_the_grid_square_5x5_fancy_junction,
          minmay_the_grid_square_5x5_bridge], layout_stronghold,
          minmay_lair_entry_grove, enter_trove_5, enter_bailey_6,
          chequers_guarded_unrand_ignorance
D:11:     layout_loops_corners, minmay_orc_entry_guard_dogs, enter_bailey_2
D:12:     hangedman_cross_stitches, layout_stronghold,
          kennysheep_generic_room_9, uniq_rupert, uniq_nergalle, uniq_nessos
D:13:     layout_long_grid, ximxim_vaults_locker_room, serial_shops, shop
Temple:   corrupted_temple
Orc:1:    layout_caves, serial_shops, nicolae_shop_statue_plus
Orc:2:    st_orc_ogre_mass, layout_caves, special_room
Elf:1:    layout_rooms, minmay_elf_demonology
Elf:2:    layout_loops_corners, drop_trap

Skill      XL: |  1  2  3  4  5  6  7  8  9 10 11 12 13 |
---------------+----------------------------------------+-----
Stealth        | 2 3 |  3.3
Dodging        | 2 3 4 5 6 7 9 10 11 13 | 13.7
Spellcasting   | 2 4 8 |  8.9
Conjurations   | 4 5 6 7 8 9 10 | 10.8
Fighting       | 1 2 4 5 7 8 11 13 14 | 14.7
Earth Magic    | 3 6 |  6.5

Action                   |  1- 3 |  4- 6 |  7- 9 | 10-12 | 13-15 || total
-------------------------+-------+-------+-------+-------+-------++-------
Melee: Unarmed           |     4 |     2 |    14 |    10 |       ||    30
       Dagger            |       |       |       |    70 |    40 ||   110
 Cast: Magic Dart        |    37 |       |     1 |       |     1 ||    39
       Searing Ray       |    20 |    44 |    86 |   173 |    69 ||   392
       Fulminant Prism   |       |       |     9 |    22 |    16 ||    47
       Stone Arrow       |       |       |       |    77 |    77 ||   154
       Petrify           |       |       |       |     8 |     4 ||    12
       Lee's Rapid Decon |       |       |       |     6 |    23 ||    29
       Passwall          |       |       |       |       |     3 ||     3
Evoke: Wand              |       |       |       |     4 |       ||     4
  Use: Scroll            |       |       |    14 |     9 |    10 ||    33
       Potion            |       |       |     3 |    13 |     2 ||    18
 Stab: Petrified         |       |       |       |    29 |     8 ||    37
Armor: Robe              |     1 |     8 |     7 |       |       ||    16
       Steam dragon scal |       |       |    14 |    97 |    31 ||   142
Dodge: Dodged            |     6 |    31 |    91 |   442 |   179 ||   749

Table legend: (Time is in decaauts)
 A = Elapsed time spent in this place.
 B = Non-inter-level travel time spent in this place.
 C = Inter-level travel time spent in this place.
 D = Time resting spent in this place.
 E = Time spent auto-exploring this place.
 F = Levels seen in this place.
 G = Mean time per level.
                   A        B        C        D        E       F      G
               +--------+--------+--------+--------+--------+-----+--------+
         Total |  33055 |  32044 |   1011 |   5460 |  21364 |  19 | 1739.7 |
       Dungeon |  22400 |  21573 |    827 |   2224 |  16127 |  13 | 1723.1 |
        Temple |     54 |     41 |     13 |      0 |     29 |   1 |   54.0 |
  Orcish Mines |   6265 |   6168 |     97 |   2727 |   2417 |   2 | 3132.5 |
   Elven Halls |   2880 |   2808 |     72 |    268 |   1925 |   2 | 1440.0 |
        Bailey |   1454 |   1454 |      0 |    241 |    865 |   1 | 1454.0 |
               +--------+--------+--------+--------+--------+-----+--------+

Top non-repeatable levels by time:
    D:11: 3870 daAuts
   Orc:2: 3204 daAuts
   Orc:1: 3060 daAuts
    D:10: 2768 daAuts
     D:9: 2231 daAuts
     D:8: 1957 daAuts
   Elf:1: 1767 daAuts
     D:3: 1615 daAuts
     D:4: 1481 daAuts
    D:12: 1474 daAuts
  Bailey: 1454 daAuts
     D:2: 1431 daAuts
     D:6: 1417 daAuts
     D:7: 1389 daAuts
     D:5: 1304 daAuts
